 Dungeon Crawl Stone Soup version 0.14.1-23-g35e4e54 (webtiles) character file.

290 Konstantin the Firebug (level 5, -4/25 HPs)
             Began as a Gargoyle Fire Elementalist on June 12, 2014.
             Was a Plaything of Xom.
             Killed by divine providence
             ... invoked by an orc priest
              (14 damage)
             ... on Level 2 of the Dungeon.
             The game lasted 00:51:52 (3676 turns).

Konstantin the Firebug (Gargoyle Fire Elementalist) Turns: 3676, Time: 00:51:53

HP  -4/25        AC  6     Str 12      XL: 5   Next: 48%
MP   3/12        EV 12     Int 16      God: Xom
Gold 122         SH  0     Dex 10      Spells:  3 memorised,  4 levels left

rFire  . . .     SeeInvis .     f - -1,+0 dagger (curse)
rCold  + . .     Clarity  .     y - +0 robe (curse)
rNeg   + + .     Conserve .     (no shield)
rPois  +         rCorr    .     (no helmet)
rElec  +         rRot     +     (no cloak)
SustAb . .       Spirit   .     (no gloves)
rMut   .         Warding  +     (no boots)
Saprov . . .     Stasis   .     i - amulet of warding
MR     .....                    r - ring of wizardry
                                j - ring of protection from cold

@: very slightly contaminated, hasted, very quick, not resistant to hostile
enchantments, fairly stealthy
A: deterioration 1, frail 1, high mp 1, life protection 1, electricity
resistance, unbreathing, petrification resistance, AC +4
a: Renounce Religion


You were on level 2 of the Dungeon.
You worshipped Xom.
You were a very special plaything of Xom.
You were very hungry.

You visited 1 branch of the dungeon, and saw 3 of its levels.

You collected 122 gold pieces.

Inventory:

Hand weapons
 e - a +0,+1 club
 f - a cursed -1,+0 dagger (weapon)
 m - a +0,+2 dagger
 o - a +0,+0 falchion
 q - a +2,+0 dagger
 s - a +0,+0 club
 t - a +0,+0 club
 z - a +0,+0 club
 A - a +0,+0 quarterstaff
 E - a +0,+0 dagger
 H - a +0,+0 whip
 I - a +2,+2 whip of draining
 K - a +0,+0 mace
 M - a +0,+0 dagger
 O - a +0,+0 falchion
 P - a +0,+0 short sword
 R - a +2,+2 hand axe
 S - a +0,+0 hand axe
 U - a +0,+0 dagger
 V - a +0,+1 dagger
 X - a +1,+1 dagger of flaming
Missiles
 v - 10 darts (quivered)
Armour
 a - a +0 robe
 y - a cursed +0 robe (worn)
 D - a +0 leather armour
 Q - a +0 robe
 T - a +0 leather armour
Magical devices
 J - a wand of hasting (1)
Comestibles
 c - 2 bread rations
 x - a honeycomb
 G - a meat ration
Scrolls
 g - 2 scrolls of enchant weapon II
 h - a scroll of random uselessness {unknown}
 k - a scroll of identify
 n - a scroll of enchant weapon I {unknown}
 u - a scroll of magic mapping {unknown}
 L - a scroll of remove curse {unknown}
 N - a scroll of teleportation {unknown}
Jewellery
 i - an amulet of warding (around neck)
 j - a ring of protection from cold (left hand)
 r - a ring of wizardry (right hand)
 W - an uncursed ring of protection from cold
Potions
 d - a potion of invisibility {unknown}
 l - a potion of mutation {unknown}
 p - 2 potions of curing
 w - a potion of resistance {unknown}
 B - a potion of lignification {unknown}
 C - a potion of beneficial mutation {unknown}
 F - a potion of brilliance {unknown}
Books
 b - a book of Flames

   Spells                             Type                      Level
   *Flame Tongue                      Conjuration/Fire             1
   *Throw Flame                       Conjuration/Fire             2
   *Conjure Flame                     Conjuration/Fire             3
   Inner Flame                        Hexes/Fire                   3
   Sticky Flame                       Conjuration/Fire             4
   Fireball                           Conjuration/Fire             5


   Skills:
 + Level 2.2 Dodging
 + Level 3.1 Stealth
 * Level 3.2 Spellcasting
 + Level 2.1 Conjurations
 * Level 4.0 Fire Magic


You had 4 spell levels left.
You knew the following spells:

 Your Spells              Type           Power        Failure   Level  Hunger
a - Flame Tongue          Conj/Fire      ##...        3%          1    None
b - Throw Flame           Conj/Fire      ##....       4%          2    ##.....
c - Conjure Flame         Conj/Fire      ##......     7%          3    ###....


Dungeon Overview and Level Annotations

Branches:
Dungeon (3/15)

Altars:
Xom

Annotations:
D:3 Grinder


Innate Abilities, Weirdness & Mutations

You are resistant to torment.
You are immune to poison.
You are immune to rotting.
Your stone body is very resilient (AC +4).
You resist negative energy.
You are resistant to electric shocks.
You can survive without breathing.
You are immune to petrification.
Your body is slowly deteriorating.
You are frail (-10% HP).
You have an increased reservoir of magic (+10% MP).


Message History

Aiming: Flame Tongue
Press: ? - help, Shift-Dir - straight line, f/p - orc priest
Aim: an orc priest, wielding a short sword and wearing a ring mail (almost dead)
The flame tongue hits the orc priest.
You kill the orc priest!
Your Fire Magic skill increases to level 4!
The orc priest hits you with a dagger. The orc hits you.
There is an escape hatch in the ceiling here.
The orc priest closely misses you. The orc hits you but does no damage.
A mysterious force pulls you upwards. The hatch slams shut behind you.
Evoke which item? (* to show all) (? for menu, Esc to quit)
Zapping:
J - a wand of hasting {zapped: 3}
Press: ? - help, Shift-Dir - straight line, f - you You feel yourself speed up.
The orc priest hits you but does no damage.
The orc hits you.
The orc priest calls down the wrath of Beogh upon you.
Something smites you!
Ouch! That really hurt!
You die...

#.........>........####.######...
#................................
#...........#####.##........##...
#.....#...........##........#####
#...>.#...........##......(.#####
#.....#...........##........#....
#................o##.............
##................##........#....
..#.###.........@o##........#....
..#.# #..........................
....# #..........################
..### #..........# #. ###
#..........###############.
####.......................
########################


You could see an orc priest and an orc.

Vanquished Creatures
  An orc priest (D:3)
  An orc wizard (D:3)
  6 adders
  An ufetubus (D:3)
  A giant gecko (D:1)
  5 orcs (D:3)
  A ball python (D:2)
  4 giant cockroaches (D:1)
  9 goblins
  6 hobgoblins
  A quokka (D:3)
  9 bats
  5 kobolds
  6 rats
56 creatures vanquished.

Vanquished Creatures (others)
  A giant spore (D:3)
  A ballistomycete (D:3)
2 creatures vanquished.

Grand Total: 58 creatures vanquished

Notes
Turn   | Place    | Note
--------------------------------------------------------------
     0 | D:1      | Konstantin, the Gargoyle Fire Elementalist, began the quest for the Orb.
     0 | D:1      | Reached XP level 1. HP: 10/10 MP: 3/3
    38 | D:1      | Found a shimmering altar of Xom.
    79 | D:1      | Became a worshipper of Xom of Chaos
    96 | D:1      | XOM is BORED!
    96 | D:1      | XOM: silly message
   204 | D:1      | XOM: silly message
   265 | D:1      | Reached XP level 2. HP: 15/15 MP: 2/4
   290 | D:1      | Learned a level 2 spell: Throw Flame
   502 | D:1      | XOM: divination: magic mapping
  1332 | D:1      | XOM: silly message
  1354 | D:2      | Reached XP level 3. HP: 19/19 MP: 4/6
  1416 | D:2      | Learned a level 3 spell: Conjure Flame
  1681 | D:2      | XOM: potion effect (brilliance)
  2000 | D:2      | Reached XP level 4. HP: 24/24 MP: 2/8
  2009 | D:2      | XOM: harmless Pois miscast
  2023 | D:2      | XOM: harmless Chrm miscast
  2434 | D:3      | XOM: blink monster(s)
  2758 | D:3      | Reached XP level 5. HP: 12/28 MP: 3/11
  2978 | D:3      | XOM: 2-stop teleportation journey
  2979 | D:3      | Noticed Grinder
  2988 | D:3      | Paralysed by Grinder for 5 turns
  3003 | D:3      | Paralysed by Grinder for 4 turns
  3018 | D:3      | XOM: cast spell 'Discord'
  3124 | D:3      | XOM: mild Summ miscast
  3172 | D:3      | XOM: enchant monster (good)
  3374 | D:3      | XOM is BORED!
  3374 | D:3      | XOM: mild Necr miscast
  3610 | D:3      | XOM: 3-stop teleportation journey
  3662 | D:3      | XOM: give mutations
  3662 | D:3      | Gained mutation: You are frail (-10% HP). [Xom's mischief]
  3662 | D:3      | Gained mutation: You have an increased reservoir of magic (+10% MP). [Xom's mischief]
  3662 | D:3      | Gained mutation: Your body is slowly deteriorating. [Xom's mischief]
  3671 | D:3      | Reached skill level 4 in Fire Magic
  3676 | D:2      | Killed from afar by an orc priest

Action                   |  1- 3 |  4- 6 || total
-------------------------+-------+-------++-------
Melee: Dagger            |       |    14 ||    14
Throw: Stone             |    32 |       ||    32
       Dart              |    10 |    25 ||    35
 Cast: Flame Tongue      |    35 |    51 ||    86
       Throw Flame       |     9 |    12 ||    21
Evoke: Wand              |       |     4 ||     4
  Use: Scroll            |     1 |     2 ||     3
       Potion            |       |     3 ||     3
